 Dungeon Crawl Stone Soup version 0.30-a0-862-g1aabd4f9c5 (webtiles) character file.

Game seed: 15838854963114318269

115 Hubjo the Grave Robber (level 4, -5/34 HPs)
             Began as a Demonspawn Necromancer on Mar 8, 2023.
             Slain by a gnoll
             ... wielding a +0 whip
              (7 damage)
             ... on level 3 of the Dungeon.
             The game lasted 00:04:37 (2450 turns).

Hubjo the Grave Robber (Demonspawn Necromancer)     Turns: 2450, Time: 00:04:38

Health: -5/34      AC:  6    Str:  8    XL:     4   Next: 68%
Magic:  6/8        EV: 12    Int: 18    God:
Gold:   82         SH:  0    Dex: 14    Spells: 7/8 levels left

rFire   . . .      SeeInvis .    j - +3 spear
rCold   . . .      Faith    .    (no shield)
rNeg    . . .      Spirit   .    a - +1 robe
rPois   .          Reflect  .    (no helmet)
rElec   .          Rampage  .    (no cloak)
rCorr   .                        (no gloves)
Will    .....                    (no boots)
Stlth   ++                       (no amulet)
HPRegen 0.25/turn                (no ring)
MPRegen 0.11/turn                (no ring)

@: about to teleport, on berserk cooldown, attractive, hasted and slowed
A: yellow scales 2
a: no special abilities


You were on level 3 of the Dungeon.
You visited 1 branch of the dungeon, and saw 3 of its levels.

You collected 82 gold pieces.

Inventory:

Hand Weapons
 j - a +3 spear (weapon)
Armour
 a - a +1 robe (worn)
Jewellery
 m - the amulet of Leilustu {rElec rF++ Regen+}
   (You acquired it on level 3 of the Dungeon)

   [amulet of regeneration]

   rF:        It greatly protects you from fire.
   rElec:     It insulates you from electricity.
   Regen:     It increases your rate of health regeneration.
 o - a +6 ring of strength
Wands
 k - a wand of roots (11)
Scrolls
 g - 2 scrolls of enchant armour
 i - a scroll of teleportation
 n - a scroll of identify
Potions
 b - 2 potions of magic
 c - a potion of mutation {unknown}
 f - a potion of curing {unknown}
 h - a potion of attraction
 l - a potion of haste


   Skills:
 * Level 2.6 Fighting
 - Level 1.7 Dodging
 + Level 2.6 Stealth
 + Level 2.6 Spellcasting
 + Level 4.9 Necromancy


You had 7 spell levels left.
You knew the following spells:

 Your Spells              Type           Power      Damage    Failure   Level
a - Necrotise             Necr           80%        1d8       2%          1

Your spell library contained the following spells:

 Spells                   Type           Power      Damage    Failure   Level
 Vampiric Draining        Necr           20%        2d7       7%          3
 Animate Dead             Necr           20%        N/A       22%         4
 Lesser Beckoning         Tloc           4%         N/A       26%         2
 Gell's Gravitas          Tloc           2%         N/A       45%         3
 Ignite Poison            Fire/Tmut/Pois 2%         N/A       45%         3
 Teleport Other           Tloc           2%         N/A       45%         3
 Agony                    Necr           20%        N/A       52%         5
 Sticky Flame             Conj/Fire      2%         2d3       86%         4
 Yara's Violent Unravell  Hex/Tmut       1%         3d3       99%         5
 Enfeeble                 Hex            1%         N/A       100%        7
 Ignition                 Fire           1%         3d3       100%        8


Dungeon Overview and Level Annotations

Branches:
Dungeon (3/15)

Altars:

Shops:
D:1 [   D:2 [

Annotations:
D:3 Grinder


Innate Abilities, Weirdness & Mutations

You are mostly covered in yellow scales. (AC +3)


Message History

As you read the scroll of blinking, it crumbles to dust.
Grinder is attracted toward you. The kobold is attracted toward you.
As you read the scroll of teleportation, it crumbles to dust.
You feel strangely unstable. Grinder is attracted toward you.
The kobold is attracted toward you. The rat is attracted toward you.
It was a potion of berserk rage.
A red film seems to cover your vision as you go berserk!
You feel yourself moving faster!
You feel mighty!
Grinder grins, showing sharp teeth.
Grinder hits you but does no damage. The kobold is attracted toward you.
You feel a strong urge to attack something.
Grinder is attracted toward you. The rat is attracted toward you.
The kobold throws a stone.
The stone misses you. The rat is attracted toward you.
You see here a book of Misfortune.
You pick up a book of Misfortune and begin reading...
You add the spells Yara's Violent Unravelling and Enfeeble to your library.
You feel your anger nearly subside. The rat barely misses you.
Grinder gestures at you. You resist with significant effort.
You are no longer berserk.
You are exhausted.
You feel yourself slow down.
You see here a +0 dagger.
Your surroundings suddenly seem different. 2 worms, a giant cockroach, 2 orcs and 3 gnolls come into view.
The orc shouts!
The gnoll shouts!
The orc shouts!
The gnoll shouts!
You hear a shout!
The gnoll moves out of view.
You hear a shout!
You hear a bark!
The orc is attracted toward you. The worm is attracted toward you.
The gnoll is attracted toward you. x2; The orc is attracted toward you.
The worm is attracted toward you.
A gnoll comes into view. It is wielding a +0 spear.
As you read the scroll of teleportation, it crumbles to dust.
You feel strangely unstable. The orc hits you with a +0 trident.
* * * LOW HITPOINT WARNING * * *
The gnoll closely misses you. The gnoll hits you with a +0 whip!
You die...

#..$... ###.#
####.Z....
....
#.......##
...# #.......+
## ...
#?.K....# ##~~
'.# #.5r....#
~§~~§ #.#
###.#####
~~~wBw#.######
#.# #o@g....#
#+#
#§g#.##....
..og# .# .
...§§g ##
#####


You could see 2 worms, 4 gnolls, 2 orcs and a giant cockroach.

Vanquished Creatures
  Jessica (D:2)
  2 adders (D:2)
  A worm (D:2)
  4 dart slugs
  5 bats
  3 endoplasms
  8 giant cockroaches
  9 goblins
  2 hobgoblins (D:1)
  A jackal (D:1)
  5 kobolds
  3 quokkas
  3 ball pythons
  6 frilled lizards
  7 rats
60 creatures vanquished.

Vanquished Creatures (collateral kills)
  A goblin (D:1)
1 creature vanquished.

Grand Total: 61 creatures vanquished

Notes
Turn   | Place    | Note
-------+----------+-------------------------------------------
     0 | D:1      | Hubjo the Demonspawn Necromancer began the quest for the
                  | Orb.
     0 | D:1      | Reached XP level 1. HP: 13/13 MP: 3/3
   350 | D:1      | Gained mutation: You are partially covered in yellow
                  | scales. (AC +2) [demonic ancestry]
   350 | D:1      | Reached XP level 2. HP: 15/20 MP: 5/5
   351 | D:1      | Reached skill level 1 in Fighting
   485 | D:1      | Found Dotru's Armour Shoppe.
   951 | D:1      | Reached XP level 3. HP: 26/26 MP: 6/6
  1299 | D:2      | Found Udoyciamp's Armour Shop.
  1551 | D:2      | Noticed Jessica
  1556 | D:2      | Killed Jessica
  1557 | D:2      | Gained mutation: You are mostly covered in yellow scales.
                  | (AC +3) [demonic ancestry]
  1557 | D:2      | Reached XP level 4. HP: 31/34 MP: 7/7
  2423 | D:3      | Noticed Grinder
  2433 | D:3      | Identified a scroll of acquirement
  2433 | D:3      | Acquired the amulet of Leilustu {rElec rF++ Regen+}
  2440 | D:3      | HP: 1/34 [Grinder (3)]
  2450 | D:3      | Slain by a gnoll

Illustrated notes

Levels and vault maps discovered:
D:1:      dpeg_arrival_brainrot, layout_loops_corners, serial_shops, shop
D:2:      layout_loops_corners, serial_shops, shop_fountains,
          minmay_pentomino_x4, uniq_jessica
D:3:      layout_basic, minitemple, gup_sewer_entry_bowl,
          nicolae_elevator_lobby_asterisk, uniq_grinder

Skill      XL: |  1  2  3 |
---------------+----------+-----
Stealth        | 2 |  2.6
Fighting       | 1 2 |  2.6
Dodging        | |  1.7
Spellcasting   | |  2.6
Necromancy     | |  4.9

Action                     |  1- 3 |  4- 6 || total
---------------------------+-------+-------++-------
  Melee: Unarmed           |    55 |       ||    55
         Spear             |    89 |    70 ||   159
         Punch             |     1 |       ||     1
   Cast: Necrotise         |    19 |     2 ||    21
    Use: Scroll            |     4 |     4 ||     8
         Potion            |       |     3 ||     3
   Stab: Sleeping          |     7 |     2 ||     9
 Armour: Robe              |    41 |    46 ||    87
  Dodge: Dodged            |    83 |    58 ||   141

Table legend: (Time is in decaauts)
 A = Elapsed time spent in this place.
 B = Non-inter-level travel time spent in this place.
 C = Inter-level travel time spent in this place.
 D = Time resting spent in this place.
 E = Time spent auto-exploring this place.
 F = Levels seen in this place.
 G = Mean time per level.
                   A        B        C        D        E       F      G
               +--------+--------+--------+--------+--------+-----+--------+
         Total |   2460 |   2347 |    113 |      0 |   1844 |   3 |  820.0 |
       Dungeon |   2460 |   2347 |    113 |      0 |   1844 |   3 |  820.0 |
               +--------+--------+--------+--------+--------+-----+--------+

Top non-repeatable levels by time:
     D:1: 1303 daAuts
     D:2: 1040 daAuts
     D:3: 116 daAuts
